 Dungeon Crawl Stone Soup version 0.14-a0-1837-g7fb8695 (webtiles) character file.

4593 Drahman the Grappler (level 10, 0/91 HPs)
             Began as a Yellow Draconian Monk on Jan 8, 2014.
             Was an Elder of Nemelex Xobeh.
             Slain by Prince Ribbit (15 damage)
             ... on Level 7 of the Dungeon on Jan 10, 2014.
             The game lasted 00:26:52 (5966 turns).

Drahman the Grappler (Yellow Draconian Monk)        Turns: 5966, Time: 00:26:52

HP   0/91        AC 11     Str 17      XL: 10   Next: 12%
MP  21/21        EV 16     Int 11      God: Nemelex Xobeh [****..]
Gold 244         SH  0     Dex 13      Spells:  0 memorised,  9 levels left

rFire  . . .     SeeInvis .       - Unarmed
rCold  . . .     Clarity  +     (armour unavailable)
rNeg   . . .     Conserve .     (no shield)
rPois  .         rCorr    +     (helmet restricted)
rElec  .         rRot     .     o - +2 cloak
SustAb . .       Spirit   .     (no gloves)
rMut   .         Warding  .     F - +0 pair of boots
Saprov . . .     Stasis   .     I - amulet of clarity
                                K - ring of protection from magic
                                N - ring of flight

@: quite resistant to hostile enchantments, stealthy
A: spit acid, acid resistance, unfitting armour, screaming 1, AC +7
a: Spit Acid, Draw One, Peek at Two, Triple Draw, Deal Four, Renounce Religion,
Evoke Flight


You were on level 7 of the Dungeon.
You worshipped Nemelex Xobeh.
Nemelex Xobeh was greatly pleased with you.
You were very hungry.

You visited 1 branch of the dungeon, and saw 7 of its levels.
You also visited: Sewer.

You collected 244 gold pieces.

Inventory:

Armour
 o - a +2 cloak (worn)
 F - a +0 pair of boots (worn)
Comestibles
 g - 2 bread rations
 l - 5 chunks of ogre flesh
 v - 7 strawberries
 H - 2 pears
Scrolls
 b - a scroll of enchant weapon I
 e - a scroll of identify
 p - a scroll of fear
 s - 2 scrolls of teleportation
 O - 3 scrolls of remove curse
Jewellery
 B - an uncursed ring of regeneration
 I - an amulet of clarity (around neck)
 K - a ring of protection from magic (right hand)
 N - a ring of flight (left hand)
Potions
 a - 3 potions of curing
 d - 3 potions of heal wounds
 f - 3 potions of speed
 h - 4 potions of agility
 m - a potion of confusion {unknown}
 w - 2 potions of invisibility
 C - a potion of porridge
 D - 2 potions of magic
Miscellaneous
 c - a plain deck of war {drawn: 2}
 j - a plain deck of destruction {drawn: 1}
 x - a plain deck of escape {drawn: 1}


   Skills:
 + Level 9.1 Fighting
 * Level 7.5 Dodging
 - Level 5.0 Stealth
 + Level 9.2 Unarmed Combat
   Level 2.3 Poison Magic
 * Level 8.1 Evocations


You had 9 spell levels left.
You didn't know any spells.

Dungeon Overview and Level Annotations

Branches:
Dungeon (7/16)             Temple (0/1) D:6

Altars:
Elyvilon
Nemelex Xobeh
Vehumet

Annotations:
D:7 Prince Ribbit


Innate Abilities, Weirdness & Mutations

You can spit globs of acid.
You can corrode armour when you spit acid.
You are resistant to acid.
Your golden yellow scales are hard (AC +7).
Your body does not fit into most forms of armour.
Your cold-blooded metabolism reacts poorly to cold.
You occasionally shout uncontrollably.


Message History

Prince Ribbit blinks!
The goblin zaps a wand.
The puff of frost misses you.
Things that are here:
an orcish flail; an orc corpse The goblin zaps a wand.
The puff of frost hits you!
One of your 4 potions of curing freezes and shatters!
Prince Ribbit misses you.
Things that are here:
an orcish trident; an orc corpse Prince Ribbit hits you.
The goblin zaps a wand.
The puff of frost hits you!
One of your 3 potions of invisibility freezes and shatters!
* * * LOW HITPOINT WARNING * * *
Items here: %%% ( ) a killer bee corpse; an uncursed bow; 26 arrows; a centaur corpse a killer bee corpse The goblin zaps a wand.
The puff of frost hits you!
* * * LOW HITPOINT WARNING * * *
Prince Ribbit hits you!
You die...
Your body glows slightly and disappears.

#...# ###.....##.#
##(### .....##.#
#...# . ....... ..
#...# ....#.# ..
#...# ..##g## #.
#.# ##.##.#
#...#@#
#####...#F#####...
........))........
######.##)########
.. #.# #. #.# #
#.# ... ..>


You could see Prince Ribbit and a goblin.

Vanquished Creatures
  Joseph (D:7)
  Grinder (D:3)
  2 hippogriffs
  3 sky beasts
  3 ogres
  Sigmund (D:3)
  3 centaurs
  A water moccasin (D:6)
  4 big kobolds (Sewer)
  Blork the orc (D:7)
  A giant frog (D:6)
  9 killer bees (D:7)
  3 orc priests
  2 jellies
  2 worker ants
  3 iguanas
  4 orc wizards
  3 hounds
  4 adders
  7 gnolls
  A green rat (Sewer)
  2 giant mites
  An inept feature mimic (D:4)
  2 worms
  6 grey rats (Sewer)
  An ooze (D:3)
  A giant eyeball (D:4)
  8 giant geckos
  25 orcs
  A ball python (D:1)
  10 bats
  10 giant cockroaches
  12 goblins
  2 green rat zombies (Sewer)
  10 hobgoblins
  14 jackals
  8 quokkas
  A giant gecko skeleton (D:6)
  5 giant newts
  7 grey rat skeletons (Sewer)
  A grey rat zombie (Sewer)
  12 kobolds
  An orc skeleton (D:6)
  2 quokka skeletons
  6 rats
  2 rat zombies
209 creatures vanquished.

Notes
Turn   | Place    | Note
--------------------------------------------------------------
     0 | D:1      | Drahman, the Draconian Monk, began the quest for the Orb.
     0 | D:1      | Reached XP level 1. HP: 19/19 MP: 1/1
   217 | D:1      | Reached XP level 2. HP: 23/26 MP: 2/2
   642 | D:1      | Reached XP level 3. HP: 25/33 MP: 3/3
  1040 | D:2      | Reached skill level 5 in Unarmed Combat
  1071 | D:2      | Reached XP level 4. HP: 35/40 MP: 4/4
  1914 | D:3      | Found a glowing drain.
  1950 | Sewer    | Entered a sewer
  1978 | Sewer    | Noticed a big kobold necromancer
  2004 | Sewer    | Killed a big kobold necromancer
  2004 | Sewer    | Reached skill level 5 in Fighting
  2004 | Sewer    | Reached XP level 5. HP: 48/48 MP: 5/5
  2073 | Sewer    | Noticed a big kobold necromancer
  2101 | Sewer    | Killed a big kobold necromancer
  2101 | Sewer    | Reached skill level 6 in Unarmed Combat
  2101 | Sewer    | Reached XP level 6. HP: 33/56 MP: 6/6
  2291 | Sewer    | Noticed a big kobold necromancer
  2309 | Sewer    | Killed a big kobold necromancer
  2348 | Sewer    | Noticed a big kobold necromancer
  2361 | Sewer    | Killed a big kobold necromancer
  2478 | D:3      | Found a white marble altar of Elyvilon.
  2586 | D:3      | Noticed Grinder
  2587 | D:3      | Paralysed by Grinder for 3 turns
  2593 | D:3      | Paralysed by Grinder for 3 turns
  2615 | D:3      | Killed Grinder
  2615 | D:3      | Reached skill level 7 in Unarmed Combat
  2615 | D:3      | Your scales start taking on a golden yellow colour.
  2615 | D:3      | Reached XP level 7. HP: 50/64 MP: 7/7
  2861 | D:3      | Noticed Sigmund
  2882 | D:3      | Killed Sigmund
  2992 | D:3      | Upgraded the game from 0.14-a0-1811-gdc2d5af to 0.14-a0-1837-g7fb8695
  3123 | D:4      | Found a radiant altar of Vehumet.
  3312 | D:4      | Paralysed by a giant eyeball for 2 turns
  3322 | D:4      | Paralysed by a giant eyeball for 3 turns
  3327 | D:4      | Reached skill level 8 in Unarmed Combat
  3327 | D:4      | Reached XP level 8. HP: 51/74 MP: 8/8
  3330 | D:4      | Paralysed by a giant eyeball for 3 turns
  3538 | D:5      | Entered Level 5 of the Dungeon
  4105 | D:5      | Found a sparkling altar of Nemelex Xobeh.
  4111 | D:5      | Became a worshipper of Nemelex Xobeh
  4111 | D:5      | Received a gift from Nemelex Xobeh
  4111 | D:5      | Acquired Nemelex Xobeh's first power
  4141 | D:5      | Acquired Nemelex Xobeh's second power
  4141 | D:5      | Acquired Nemelex Xobeh's third power
  4351 | D:5      | Acquired Nemelex Xobeh's fourth power
  4351 | D:5      | Received a gift from Nemelex Xobeh
  4725 | D:6      | Reached skill level 9 in Unarmed Combat
  4744 | D:6      | Reached skill level 5 in Stealth
  4744 | D:6      | Reached XP level 9. HP: 75/82 MP: 4/18
  4844 | D:6      | Gained mutation: You occasionally shout uncontrollably. [helix card]
  5074 | D:6      | Found a staircase to the Ecumenical Temple.
  5216 | D:6      | Found a sparkling altar of Nemelex Xobeh.
  5250 | D:7      | Reached skill level 1 in Poison Magic
  5261 | D:7      | Noticed Joseph
  5274 | D:7      | Killed Joseph
  5276 | D:7      | Received a gift from Nemelex Xobeh
  5293 | D:7      | Noticed Blork the orc
  5310 | D:7      | Killed Blork the orc
  5888 | D:7      | Noticed Prince Ribbit
  5891 | D:7      | Reached XP level 10. HP: 83/91 MP: 21/21
  5966 | D:7      | Slain by Prince Ribbit

Action                   |  1- 3 |  4- 6 |  7- 9 | 10-12 || total
-------------------------+-------+-------+-------+-------++-------
Melee: Unarmed           |   138 |   240 |   364 |    48 ||   790
Invok: Draw One          |       |       |     2 |     3 ||     5
       Triple Draw       |       |       |     2 |       ||     2
 Abil: Spit Acid         |       |       |     6 |     3 ||     9
  Use: Potion            |       |     4 |     1 |     6 ||    11
       Scroll            |       |     8 |     5 |     2 ||    15
 Stab: Sleeping          |     3 |     1 |     6 |       ||    10
       Distracted        |       |       |     1 |       ||     1
       Invisible         |       |       |     2 |       ||     2
